Map: Golden Wall LE

Players

INnoVation

  • Race: Terran Terran
  • League: Grandmaster
  • Spawn Location: 5:00

soO - Winner!

  • Race: Zerg Zerg
  • Spawn Location: 7:00

Event: Shopify TSL 5

VOD

Have the link to the VOD?

Description

Time

  • Played on: May 17, 2020, 11:04 a.m.
  • Length: 9:16

All games in this series

Show
View Real Time Build Order
Export as new Build Order

INnoVation Terran 

Build Orders:  

Get SALT Encoding   

  12  0:00  SCV  
  13  0:12  SCV  
  14  0:17  Supply Depot  
  14  0:24  SCV  
  15  0:39  SCV  
  15  0:40  Barracks  
  16  0:46  Refinery  
  16  0:51  SCV  
  17  1:03  SCV  
  18  1:15  SCV  
  19  1:28  Orbital Command  
  19  1:32  Bunker  
  20  1:37  Reaper  
  20  1:50  Command Center  
  20  1:54  SCV  
  21  2:03  Supply Depot  
  21  2:06  SCV  
  22  2:09  Reaper  
  23  2:25  SCV  
  23  2:27  Factory  
  24  2:37  SCV  
  24  2:43  Barracks Reactor  
  25  2:45  Command Center  
  25  2:49  SCV  
  26  2:52  Refinery  
  26  3:01  SCV  
  26  3:03  Orbital Command  
  27  3:13  SCV  
  27  3:18  Starport  
  28  3:24  Hellion  
  28  3:25  Hellion  
  28  3:26  Barracks Tech Lab  
  32  3:28  SCV  
  32  3:31  SCV  
  34  3:41  SCV  
  34  3:43  SCV  
  36  3:49  Hellion x2  
  40  3:55  SCV  
  40  3:56  SCV  
  40  3:57  Orbital Command  
  40  4:02  Viking  
  44  4:03  Barracks Tech Lab  
  44  4:09  SCV x2  
  46  4:12  Hellion  
  46  4:16  Hellion  
  50  4:24  SCV x2  
  50  4:26  SCV  
  50  4:27  Supply Depot  
  50  4:28  Stimpack  
  53  4:40  SCV x3, Starport Reactor  
  56  4:46  Barracks  
  56  4:49  Barracks, Supply Depot  
  56  4:50  Marine  
  56  4:52  SCV x2  
  59  4:54  SCV  
  60  5:00  Engineering Bay  
  60  5:02  Engineering Bay  
  60  5:05  SCV x2  
  60  5:06  SCV  
  63  5:08  Marine  
  64  5:18  SCV x2  
  64  5:19  SCV, Refinery x2  
  64  5:21  Supply Depot  
  67  5:23  Supply Depot  
  67  5:26  Terran Infantry Weapons Level 1  
  67  5:27  Terran Infantry Armor Level 1  
  67  5:29  Starport Reactor, Marine  
  67  5:32  SCV x2  
  69  5:47  Marine x3  
  69  5:48  Marine x2  
  74  5:50  Barracks  
  74  5:51  Barracks  
  72  6:03  Missile Turret x2  
  60  6:05  Marine x3, Medivac x2  
  60  6:06  Missile Turret, Marine  
  60  6:08  Missile Turret  
  60  6:10  Marine  
  69  6:13  Combat Shield  
  69  6:17  Siege Tank  
  72  6:23  Marine x3  
  72  6:24  Marine  
  76  6:28  Marine  
  77  6:35  Medivac x2  
  77  6:38  Barracks Reactor x2  
  81  6:40  Marine  
  81  6:41  Marine x3  
  81  6:43  Orbital Command, Supply Depot  
  81  6:44  Supply Depot  
  81  6:46  Marine  
  86  6:49  Siege Tank  
  88  6:58  Marine x2  
  88  6:59  Marine x2  
  92  7:03  Marine  
  92  7:06  Medivac  
  92  7:07  Medivac  
  96  7:12  SCV x3, Supply Depot x2  
  99  7:16  Marine x3  
  99  7:17  Marine  
  99  7:21  Siege Tank, Marine x3  
  109  7:28  Missile Turret  
  109  7:33  Marine x2  
  109  7:34  Marine x2, Supply Depot x2  
  115  7:37  Medivac  
  115  7:39  Medivac  
  115  7:41  Marine x3  
  120  7:47  Supply Depot  
  120  7:49  Marine, Supply Depot  
  121  7:54  Siege Tank  
  121  7:57  Marine  
  125  7:59  Marine  
  125  8:00  Marine x3  
  129  8:08  Marine  
  129  8:10  Missile Turret  
  127  8:14  Medivac x2  
  127  8:17  Marine x3  
  127  8:19  Marine  
  134  8:21  Marine x2  
  137  8:31  Siege Tank  
  113  8:35  Marine x6  
  113  8:37  Marine  
  120  8:45  Marine  
  120  8:46  Marine  
  120  8:52  Marine  
  120  8:53  Marine x5  
  120  8:55  Marine  
Show
View Real Time Build Order
Export as new Build Order

soO Zerg - Winner!

Build Orders: Hatch First, Muta Ling Bane 

Get SALT Encoding   

  12  0:00  Drone  
  13  0:12  Overlord  
  13  0:17  Drone  
  14  0:30  Drone x2  
  16  0:49  Hatchery  
  15  0:51  Drone  
  15  0:54  Drone  
  17  0:58  Drone  
  18  1:08  Extractor  
  17  1:13  Spawning Pool  
  17  1:17  Drone  
  17  1:20  Drone  
  18  1:28  Drone  
  19  2:00  Queen x2  
  23  2:01  Zergling x4  
  23  2:02  Zergling x2  
  26  2:10  Metabolic Boost  
  26  2:15  Overlord  
  26  2:16  Drone x2  
  28  2:33  Drone x3  
  28  2:36  Queen  
  33  2:42  Queen  
  35  2:48  Overlord  
  35  2:50  Drone  
  36  3:03  Overlord  
  36  3:07  Drone x4  
  40  3:16  Drone  
  40  3:18  Drone  
  40  3:19  Lair  
  42  3:22  Overlord  
  42  3:24  Drone  
  43  3:30  Drone x2  
  43  3:31  Extractor  
  43  3:32  Drone  
  45  3:35  Drone  
  46  3:44  Drone x3  
  46  3:45  Drone x2  
  51  3:48  Drone  
  51  3:49  Drone  
  51  3:52  Drone x2  
  55  3:58  Drone x2  
  57  4:04  Extractor x2  
  55  4:14  Drone x2  
  57  4:19  Spire  
  57  4:22  Hatchery  
  55  4:24  Drone x2  
  55  4:27  Drone  
  55  4:29  Overlord  
  55  4:31  Queen  
  60  4:39  Overlord  
  60  4:49  Baneling Nest  
  60  4:51  Drone  
  60  4:52  Overlord  
  60  4:58  Drone x3  
  63  5:00  Drone  
  63  5:01  Drone  
  65  5:16  Overlord  
  65  5:27  Drone  
  66  5:32  Mutalisk x5  
  66  5:34  Overlord, Mutalisk x2  
  80  5:36  Zerg Flyer Weapons Level 1  
  80  5:37  Zergling x2  
  80  5:38  Zergling x4  
  83  5:46  Zergling x4  
  83  5:47  Zergling x4  
  83  5:48  Zergling x2  
  83  5:49  Zergling x2  
  83  6:05  Drone x3  
  83  6:07  Drone  
  83  6:08  Evolution Chamber  
  83  6:10  Evolution Chamber, Drone x2, Centrifical Hooks  
  87  6:17  Drone  
  88  6:20  Mutalisk  
  88  6:21  Drone  
  91  6:30  Extractor, Drone  
  91  6:31  Extractor, Drone  
  91  6:32  Drone  
  92  6:35  Drone x3  
  92  6:36  Zerg Ground Armor Level 1, Zerg Melee Weapons Level 1  
  92  6:38  Overlord  
  95  6:40  Hatchery  
  94  6:51  Overlord  
  94  6:54  Drone x2  
  94  6:55  Drone  
  94  6:58  Drone  
  94  6:59  Drone  
  94  7:00  Overlord, Mutalisk x2  
  94  7:01  Mutalisk  
  103  7:05  Overlord  
  105  7:11  Drone x3  
  108  7:15  Mutalisk x2  
  108  7:20  Mutalisk x2  
  108  7:21  Drone x2  
  108  7:22  Drone  
  119  7:24  Drone, Overlord  
  119  7:26  Mutalisk  
  122  7:33  Zergling x2  
  122  7:34  Zergling x6  
  122  7:36  Overlord  
  126  7:38  Zergling x6  
  126  7:41  Overlord, Baneling x2  
  129  7:45  Mutalisk  
  129  7:47  Zergling x4  
  129  7:48  Drone  
  134  7:51  Zergling x6  
  138  7:58  Zergling x6  
  138  8:00  Baneling x10  
  138  8:03  Zergling x2  
  141  8:08  Zergling x14  
  141  8:09  Drone  
  149  8:21  Overlord  
  149  8:22  Zergling x12  
  146  8:34  Mutalisk x3  
  119  8:36  Zergling x18  
  119  8:37  Baneling x3  
  119  8:40  Mutalisk x2  
  138  8:47  Zergling x12  
  131  8:56  Zergling x6  
Tags
 
Add a new tag
Caveats
  • Supply blocks, unpowered buildings, or Contaminate may cause inaccurate times.
  • Supply counts are checked every 10 seconds.